 Dungeon Crawl Stone Soup version 0.29.1-15-g9cfb28693d (webtiles) character file.

Game seed: 2079275209740529152

149116 BuddhaDhamma the Axe Maniac (level 16, -2/172 HPs)
             Began as a Minotaur Berserker on Feb 25, 2023.
             Was a High Priest of Trog.
             Constricted to death by a naga warrior (6 damage)
             ... on level 4 of the Snake Pit.
             The game lasted 01:31:28 (30334 turns).

BuddhaDhamma the Axe Maniac (Minotaur Berserker)   Turns: 30334, Time: 01:31:28

Health: -2/172     AC: 15    Str: 30    XL:     16   Next: 95%
Magic:  15/15      EV:  5    Int:  1    God:    Trog [*****.]
Gold:   2893       SH:  0    Dex: 19    Spells: 15/15 levels left

rFire   + + .      SeeInvis .   D - +8 executioner's axe of Qomm {flame, Dex+6}
rCold   + + .      Faith    .   (shield currently unavailable)
rNeg    + + +      Spirit   .   p - +7 plate armour {rC+}
rPois   +          Reflect  .   (helmet restricted)
rElec   .          Harm     .   F - scarf {rC+ rF+}
rCorr   .          Rampage  .   G - +2 pair of gloves
Will    +++..                   A - +1 pair of boots
Stlth   ..........              Y - amulet of Suspicion {*Corrode rF+ Regen+ Slay+3}
HPRegen 2.18/turn               W - ring of the Devil's Advocate {*Slow rN+++ AC+4 Str+3 Int-3}
MPRegen 0.14/turn               k - ring of poison resistance

@: lethally poisoned (-2 -> -3), strong-willed, corroded, on berserk cooldown,
regenerating, slowed, constricted, very slow
A: horns 2, retaliatory headbutt
a: Renounce Religion, Berserk, Trog's Hand, Brothers in Arms


You were on level 4 of the Snake Pit.
You worshipped Trog.
Trog was extremely pleased with you.
You visited 4 branches of the dungeon, and saw 26 of its levels.
You also visited: Gauntlet.

You collected 2968 gold pieces.
You spent 75 gold pieces at shops.

Inventory:

Hand Weapons
 u - a +5 war axe of electrocution
 D - the +8 executioner's axe of Qomm (weapon) {flame, Dex+6}
   (Trog gifted it to you on level 12 of the Dungeon)

   It burns those it strikes, dealing additional fire damage.
   Big, fiery blades are also staple armaments of hydra-hunters.
   Dex:       It affects your dexterity (+6).
Missiles
 j - 3 boomerangs of dispersal (quivered)
Armour
 p - a +7 plate armour of cold resistance (worn)
 A - a +1 pair of boots (worn)
 F - a scarf of resistance (worn)
 G - a +2 pair of gloves (worn)
Jewellery
 c - a +4 ring of evasion
 d - a ring of protection from fire
 e - a +4 ring of protection
 k - a ring of poison resistance (right hand)
 n - a ring of see invisible
 t - a ring of willpower
 y - an amulet of reflection
 B - a ring of protection from cold
 M - an amulet of regeneration
 N - a +6 ring of strength
 W - the ring of the Devil's Advocate (left hand) {*Slow rN+++ AC+4 Str+3 Int-3}
   (You found it on level 1 of the Snake Pit)

   [ring of protection]

   AC:        It affects your AC (+4).
   Str:       It affects your strength (+3).
   Int:       It affects your intelligence (-3).
   rN:        It renders you almost immune to negative energy.
   *Slow:     It may slow you when you take damage.
 X - the amulet "Ewenoc" {Acrobat +Inv rC+ Str+4 Dex-2}
   (You found it on level 1 of the Snake Pit)

   [amulet of the acrobat]

   It increases your evasion while moving and waiting.
   Str:       It affects your strength (+4).
   Dex:       It affects your dexterity (-2).
   rC:        It protects you from cold.
   +Inv:      It lets you turn invisible.
 Y - the amulet of Suspicion (around neck) {*Corrode rF+ Regen+ Slay+3}
   (You found it on level 1 of the Snake Pit)

   [amulet of regeneration]

   Slay:      It affects your accuracy & damage with ranged weapons and melee
   (+3).
   rF:        It protects you from fire.
   Regen:     It increases your rate of health regeneration.
   *Corrode:  It may corrode you when you take damage.
Wands
 g - a wand of digging (8)
 l - a wand of polymorph (15)
 s - a wand of flame (21)
 v - a wand of mindburst (6)
 J - a wand of iceblast (6)
 K - a wand of charming (31)
 L - a wand of quicksilver (8)
Scrolls
 a - 2 scrolls of poison
 i - a scroll of blinking
 m - 6 scrolls of enchant weapon
 E - 7 scrolls of teleportation
 O - a scroll of fear
 P - a scroll of magic mapping
 R - a scroll of silence
 U - 5 scrolls of identify
 V - a scroll of enchant armour
Potions
 b - 5 potions of might
 f - 10 potions of curing
 h - 4 potions of lignification
 o - 7 potions of invisibility
 q - 4 potions of haste
 r - 4 potions of berserk rage
 w - 6 potions of flight
 x - a potion of resistance
 C - a potion of ambrosia
Miscellaneous
 z - a piece from Xom's chessboard (15/15)


   Skills:
 + Level 23.5 Fighting
 O Level 27 Axes
 - Level 2.4 Armour
 - Level 2.1 Dodging


You had 15 spell levels left.
You didn't know any spells.
Your spell library was empty.

Dungeon Overview and Level Annotations

Branches:
Dungeon (15/15)            Temple (0/1) D:4            Lair (5/5) D:11
  Swamp (0/4) Lair:2        Snake (4/4) Lair:2        Slime (0/5) Lair:4
    Orc (2/2) D:11            Elf (0/3) Orc:2        Vaults (0/5) D:13
 Depths (0/4) D:15        Gauntlet (visited)

Altars:
Ashenzari
Cheibriados
Kikubaaqudgha
Okawaru
Sif Muna
Xom
The Shining One

Shops:
Orc:1 ?   Orc:2 *[!=   Snake:2 (!=   Snake:3 [

Portals:
Pandemonium: Orc:2


Innate Abilities, Weirdness & Mutations

You have a pair of horns on your head.
You reflexively headbutt those who attack you in melee.


Message History

The naga warrior constricts you.
* * * LOW HITPOINT WARNING * * *
Your corrosive artefact corrodes you!
The nagaraja gestures at you while chanting.
The bolt of poison hits your deep troll!!
Your deep troll looks even sicker.
The bolt of poison misses you.
The bolt of poison hits the naga mage.
The naga warrior blocks your attack.
You headbutt the naga warrior, but do no damage.
The naga warrior is almost dead.
You feel sick. The naga mage completely misses you.
Your deep troll barely misses the nagaraja.
Your deep troll claws the nagaraja!
Your deep troll barely misses the nagaraja.
The nagaraja points at you and mumbles some strange words.
Your deep troll struggles to resist.
The naga mage barely misses you.
The naga warrior hits you with a +0 long sword.
* * * LOW HITPOINT WARNING * * *
Your corrosive artefact corrodes you!
The naga warrior constricts you.
* * * LOW HITPOINT WARNING * * *
Your deep troll bites the nagaraja!
Your deep troll closely misses the nagaraja.
Your deep troll claws the nagaraja but does no damage.
The naga warrior blocks your attack.
You headbutt the naga warrior, but do no damage.
The naga warrior is almost dead.
You feel sick.
You are no longer poisoned.
The nagaraja hits your deep troll with a +0 whip!
The nagaraja grabs your deep troll.
The nagaraja constricts your deep troll.
The naga mage hits you but does no damage.
Your deep troll bites the nagaraja but does no damage.
Your deep troll claws the nagaraja!
Your deep troll claws the nagaraja!!
The naga warrior spits poison at you.
The splash of poison hits you but does no damage.
You are poisoned.
You resist. The naga warrior constricts you.
You die...

..............#.#.#.
.....)..#####.##...#
...))..##. .####.#.#
....)###.###.##....##
..)).###.....##.....##
..)...#.......#......##
.)..††'.)≈~~~.+.N...~~#
....†.).≈≈≈≈~.#N....~≈#
....)†'.~~~~~.'†@)..~~#
......#.......#.T....##
.....###.....##.N...##
.....###.###.##....##
.......##...####.#.#
........#####.##...#
..............#.#.#.
..?...:.......## ..##
..............##


You could see a nagaraja (fast, ally target), a naga warrior (catching breath),
a naga mage (fast) and a friendly deep troll (summoned, berserk, very poisoned).

Vanquished Creatures
  Rupert (Lair:5)
  An Ice Fiend (Snake:1)
  Agnes (Snake:1)
  Kirke (Snake:4)
  A minotaur (Gauntlet)
  Snorg (Orc:1)
  A fire dragon (Lair:5)
  Josephine (Orc:1)
  7 hydras
  4 boulder beetles
  A salamander tyrant (Snake:4)
  Harold (Orc:1)
  A centaur warrior (D:14)
  A catoblepas (Lair:4)
  An ogre mage (D:15)
  2 demonspawn (Orc:2)
  5 two-headed ogres (D:15)
  Erica (Lair:1)
  6 naga warriors
  9 anacondas
  2 tengu warriors
  10 shock serpents
  A sun demon (Orc:2)
  4 orc high priests (Orc:2)
  12 naga sharpshooters
  A soul eater (Orc:2)
  Nergalle (Lair:1)
  Sonja (Orc:1)
  4 salamander mystics
  5 sea snakes
  A sixfirhy (Orc:2)
  2 naga ritualists
  2 necromancers
  A lindwurm (Lair:5)
  10 mana vipers
  2 deep elf pyromancers
  A wizard (D:13)
  A wolf spider zombie (D:15)
  12 orc sorcerers
  6 orc knights
  3 ugly things
  8 manticores
  11 elephants
  A faun (shapeshifter) (Gauntlet)
  2 cyclopes
  A centaur zombie (D:15)
  17 salamanders
  5 guardian serpents
  A rust devil (Orc:2)
  14 naga magi
  32 black mambas
  16 cane toads
  3 molten gargoyles (Lair:5)
  A torpor snail (Gauntlet)
  Maggie (D:6)
  2 efreet
  12 komodo dragons
  An unseen horror (D:11)
  A kobold demonologist (D:12)
  A freezing wraith (D:14)
  Psyche (D:12)
  A komodo dragon (shapeshifter) (Gauntlet)
  3 rime drakes
  A tengu conjurer (D:13)
  3 meliai (D:15)
  10 trolls
  2 hornets
  16 blink frogs
  9 slime creatures
  2 raiju (Gauntlet)
  A culicivora (shapeshifter) (D:12)
  7 wraiths
  A vampire (D:7)
  7 wyverns
  41 yaks
  7 basilisks
  3 hogs (Snake:4)
  A neqoxec (Orc:2)
  3 vampire mosquitoes (D:12)
  2 steam dragons (Lair:5)
  3 wargs
  37 nagas
  10 water moccasins
  3 acid dragons
  4 hell hounds (Lair:5)
  43 orc warriors
  A sky beast (D:8)
  2 ice beasts
  A black bear (shapeshifter) (Gauntlet)
  A black bear (D:6)
  14 wolves
  7 ogres
  13 centaurs
  3 phantoms (D:4)
  6 kobold brigands
  10 bullfrogs
  6 scorpions
  A water moccasin zombie (D:4)
  9 wights
  6 killer bees (D:9)
  An electric eel (Lair:1)
  4 howler monkeys
  7 lava snakes
  A bullfrog zombie (D:4)
  4 hounds
  11 jellies
  2 gnoll boudas
  Crazy Yiuf (D:3)
  36 orc priests
  2 centaur skeletons
  4 iguanas
  3 scorpion zombies (D:4)
  Ijyb (D:3)
  13 orc wizards
  A lightning spire (Gauntlet)
  A boggart skeleton (D:15)
  3 hound zombies (D:4)
  2 hound skeletons (D:4)
  12 adders
  12 gnolls
  A shadow imp (D:8)
  4 white imps
  An adder skeleton (D:4)
  An adder zombie (D:4)
  A worm (D:3)
  7 dart slugs
  95 orcs
  6 ball pythons
  5 bats
  4 endoplasms
  4 giant cockroaches
  16 goblins
  2 hobgoblins
  9 jackals
  4 quokkas
  3 frilled lizards
  15 kobolds
  A quokka zombie (D:4)
  7 rats
867 creatures vanquished.

Vanquished Creatures (collateral kills)
  An orc sorcerer (Orc:2)
1 creature vanquished.

Vanquished Creatures (others)
  A sky beast (D:5)
  A kobold (D:12)
  16 fungi
  29 plants
  2 withered plants (D:4)
49 creatures vanquished.

Grand Total: 917 creatures vanquished

Notes
Turn   | Place    | Note
-------+----------+-------------------------------------------
     0 | D:1      | BuddhaDhamma the Minotaur Berserker began the quest for the
                  | Orb.
     0 | D:1      | Reached XP level 1. HP: 19/19 MP: 0/0
   230 | D:1      | Reached skill level 4 in Axes
   530 | D:1      | Reached XP level 2. HP: 24/26 MP: 1/1
  1204 | D:2      | Reached skill level 5 in Axes
  1208 | D:2      | Reached XP level 3. HP: 27/31 MP: 2/2
  1482 | D:2      | Reached ** piety under Trog
  1801 | D:2      | Reached skill level 6 in Axes
  1801 | D:2      | Reached XP level 4. HP: 39/39 MP: 3/3
  2535 | D:3      | Found an ancient bone altar of Kikubaaqudgha.
  2536 | D:3      | Found a shimmering blue altar of Sif Muna.
  2598 | D:3      | Reached skill level 7 in Axes
  2598 | D:3      | Reached XP level 5. HP: 39/45 MP: 4/4
  2864 | D:3      | Found a runed translucent door.
  2865 | D:3      | Noticed Crazy Yiuf
  2935 | D:3      | Noticed Ijyb
  2947 | D:3      | Killed Ijyb
  3273 | D:3      | Killed Crazy Yiuf
  3274 | D:3      | Reached skill level 8 in Axes
  3312 | D:4      | Noticed a phantom
  3471 | D:4      | Reached XP level 6. HP: 31/51 MP: 3/5
  3474 | D:4      | Reached skill level 9 in Axes
  3636 | D:4      | Reached XP level 7. HP: 56/57 MP: 6/6
  3659 | D:4      | Reached skill level 10 in Axes
  3710 | D:4      | Reached *** piety under Trog
  3756 | D:4      | Found a staircase to the Ecumenical Temple.
  3933 | D:4      | Reached skill level 11 in Axes
  4187 | D:4      | Reached XP level 8. HP: 59/64 MP: 7/7
  4235 | D:4      | Reached skill level 12 in Axes
  4829 | D:5      | Entered Level 5 of the Dungeon
  5350 | D:5      | Reached skill level 13 in Axes
  5779 | D:6      | Reached skill level 14 in Axes
  5882 | D:6      | Reached **** piety under Trog
  5992 | D:6      | Reached XP level 9. HP: 62/70 MP: 8/8
  6123 | D:6      | Noticed Maggie
  6133 | D:6      | Killed Maggie
  6134 | D:6      | Reached skill level 15 in Axes
  6710 | D:7      | Found a flagged portal.
  7107 | D:7      | Reached skill level 16 in Axes
  7182 | D:7      | Noticed an orc knight
  7182 | D:7      | Noticed a troll
  7185 | D:7      | Killed a troll
  7197 | D:7      | Killed an orc knight
  7198 | D:7      | Reached skill level 17 in Axes
  7198 | D:7      | Reached XP level 10. HP: 77/77 MP: 9/9
  7313 | D:7      | Identified the +0 cloak "Jealium" {rElec}
  7360 | D:7      | Noticed a green ugly thing
  7360 | D:7      | Noticed a manticore
  7372 | D:7      | Killed a green ugly thing
  7374 | D:7      | Killed a manticore
  7375 | D:7      | Reached skill level 18 in Axes
  7428 | D:7      | Identified the +6 falchion of Circular Logic {flame, rPois
                  | rF- rN+ Str+4}
  8025 | D:8      | Identified the +9 flail of Hyos {protect, rPois Dex+4}
  8502 | D:9      | Reached skill level 19 in Axes
  9270 | D:9      | Reached XP level 11. HP: 78/82 MP: 10/10
  9501 | D:9      | Reached ***** piety under Trog
  9593 | D:10     | Entered Level 10 of the Dungeon
  9730 | D:10     | Reached skill level 20 in Axes
 10916 | D:11     | Reached skill level 21 in Axes
 11095 | D:11     | Found a staircase to the Lair.
 11098 | D:11     | Found a staircase to the Orcish Mines.
 12054 | D:12     | Noticed Psyche
 12079 | D:12     | Killed Psyche
 12131 | D:12     | Noticed a boulder beetle
 12150 | D:12     | Killed a boulder beetle
 12151 | D:12     | Reached skill level 22 in Axes
 12321 | D:12     | Identified the +8 executioner's axe of Qomm {flame, Dex+6}
                  | (Trog gifted it to you on level 12 of the Dungeon)
 12321 | D:12     | Received a gift from Trog
 12458 | D:12     | Noticed a red ugly thing
 12465 | D:12     | Killed a red ugly thing
 12550 | D:12     | Found an iron altar of Okawaru.
 12676 | D:12     | Reached XP level 12. HP: 75/90 MP: 11/11
 13131 | D:13     | Noticed a boulder beetle
 13155 | D:13     | Killed a boulder beetle
 13332 | D:13     | Reached skill level 23 in Axes
 13550 | D:13     | Noticed a tengu warrior
 13565 | D:13     | Killed a tengu warrior
 13654 | D:13     | Found a gate to the Vaults.
 13672 | D:13     | You fall into a shaft and drop 1 floor!
 13686 | D:14     | Noticed a centaur warrior
 13702 | D:14     | Killed a centaur warrior
 13795 | D:14     | Noticed a boulder beetle
 13801 | D:14     | Killed a boulder beetle
 14252 | D:14     | Reached skill level 24 in Axes
 14741 | D:14     | Found a shimmering altar of Xom.
 14748 | D:14     | Found a shimmering altar of Xom.
 14749 | D:14     | Found a shimmering altar of Xom.
 14749 | D:14     | Found a shimmering altar of Xom.
 14749 | D:14     | Noticed a boulder beetle
 14845 | D:14     | Killed a boulder beetle
 15081 | D:15     | Entered Level 15 of the Dungeon
 15139 | D:15     | Noticed a two-headed ogre
 15139 | D:15     | Noticed a two-headed ogre
 15139 | D:15     | Noticed a two-headed ogre
 15140 | D:15     | Noticed a two-headed ogre
 15141 | D:15     | Noticed an ogre mage
 15151 | D:15     | Killed a two-headed ogre
 15154 | D:15     | Killed a two-headed ogre
 15158 | D:15     | Killed a two-headed ogre
 15159 | D:15     | Noticed a two-headed ogre
 15163 | D:15     | Killed an ogre mage
 15167 | D:15     | Killed a two-headed ogre
 15172 | D:15     | Killed a two-headed ogre
 15173 | D:15     | Reached skill level 25 in Axes
 15173 | D:15     | Reached XP level 13. HP: 36/95 MP: 12/12
 15682 | D:15     | Paralysed by an orc sorcerer for 4 turns
 15842 | D:15     | Found a staircase to the Depths.
 16558 | D:15     | Reached skill level 26 in Axes
 16969 | Lair:1   | Entered Level 1 of the Lair of Beasts
 17093 | Lair:1   | Noticed Erica
 17099 | Lair:1   | Killed Erica
 17580 | Lair:1   | Found a snail-covered altar of Cheibriados.
 17636 | Lair:1   | Noticed Nergalle
 17650 | Lair:1   | Killed Nergalle
 17996 | Lair:1   | Reached skill level 27 in Axes
 18634 | Lair:2   | Reached skill level 5 in Fighting
 18846 | Lair:2   | Found a staircase to the Snake Pit.
 19174 | Lair:2   | Found a staircase to the Swamp.
 19462 | Lair:3   | Reached XP level 14. HP: 103/111 MP: 13/13
 19519 | Lair:3   | Found a gate leading to a gauntlet.
 19579 | Gauntlet | Entered a Gauntlet
 19579 | Gauntlet | Found a transporter.
 19579 | Gauntlet | Found a transporter.
 19599 | Gauntlet | Found a transporter.
 19605 | Gauntlet | Found a large runed translucent door.
 19606 | Gauntlet | Found a large runed translucent door.
 19607 | Gauntlet | Found a large runed translucent door.
 19607 | Gauntlet | Found a large runed translucent door.
 19607 | Gauntlet | Found a large runed translucent door.
 19607 | Gauntlet | Found a large runed translucent door.
 19607 | Gauntlet | Found a large runed translucent door.
 19607 | Gauntlet | Found a large runed translucent door.
 19608 | Gauntlet | Found a runed translucent door.
 19608 | Gauntlet | Found a runed translucent gate.
 19609 | Gauntlet | Found a runed translucent gate.
 19609 | Gauntlet | Found a transporter.
 19609 | Gauntlet | Found a transporter.
 19609 | Gauntlet | Found a transporter.
 19611 | Gauntlet | Found a transporter.
 19611 | Gauntlet | Found a transporter.
 19616 | Gauntlet | Found a runed translucent door.
 19621 | Gauntlet | Found a runed translucent door.
 19623 | Gauntlet | Found a transporter.
 19639 | Gauntlet | Found a transporter.
 19648 | Gauntlet | Found a runed translucent gate.
 19649 | Gauntlet | Found a transporter.
 19649 | Gauntlet | Found a runed translucent gate.
 19650 | Gauntlet | Found a runed translucent gate.
 19663 | Gauntlet | Found a transporter.
 19689 | Gauntlet | Found a large runed translucent door.
 19690 | Gauntlet | Found a large runed translucent door.
 19691 | Gauntlet | Found a large runed translucent door.
 19691 | Gauntlet | Found a large runed translucent door.
 19691 | Gauntlet | Found a large runed translucent door.
 19691 | Gauntlet | Found a large runed translucent door.
 19692 | Gauntlet | Found a large runed translucent door.
 19692 | Gauntlet | Found a large runed translucent door.
 19692 | Gauntlet | Found a runed translucent gate.
 19692 | Gauntlet | Found a runed translucent door.
 19697 | Gauntlet | Found a transporter.
 19711 | Gauntlet | Found a transporter.
 20234 | Lair:3   | Reached skill level 10 in Fighting
 20772 | Lair:4   | Found a staircase to the Slime Pits.
 21537 | Lair:5   | Entered Level 5 of the Lair of Beasts
 21550 | Lair:5   | Noticed Rupert
 21556 | Lair:5   | Killed Rupert
 21565 | Lair:5   | Received a gift from Trog
 22135 | Lair:5   | Found a large runed translucent door.
 22136 | Lair:5   | Found a large runed translucent door.
 22172 | Lair:5   | Reached skill level 15 in Fighting
 22344 | Lair:5   | Reached XP level 15. HP: 140/141 MP: 14/14
 22624 | Orc:1    | Entered Level 1 of the Orcish Mines
 22668 | Orc:1    | Noticed Sonja
 22679 | Orc:1    | Killed Sonja
 22704 | Orc:1    | Noticed Harold
 23039 | Orc:1    | Noticed Snorg
 23043 | Orc:1    | Killed Harold
 23048 | Orc:1    | Killed Snorg
 23063 | Orc:1    | Received a gift from Trog
 23519 | Orc:1    | Noticed Josephine
 23530 | Orc:1    | Killed Josephine
 23631 | Orc:1    | Found Rieniejiex's Magic Scroll Boutique.
 23810 | Orc:1    | Identified a scroll of acquirement
 23810 | Orc:1    | Acquired 459 gold pieces
 23842 | Orc:2    | Entered Level 2 of the Orcish Mines
 24297 | Orc:2    | Found a staircase to the Elven Halls.
 24492 | Orc:2    | Found Gipnesoz's Distillery.
 24506 | Orc:2    | Found Duseyd's General Store.
 24752 | Orc:2    | Bought a potion of heal wounds for 75 gold pieces
 24948 | Orc:2    | Received a gift from Trog
 25068 | Orc:2    | HP: 2/216 [orc priest/divine providence (12)]
 25073 | Orc:2    | HP: 1/219 [orc sorcerer/+0 dagger (4)]
 25676 | Orc:2    | Found Jomappug's Jewellery Boutique.
 25676 | Orc:2    | Found Atayl's Antique Armour Shop.
 25677 | Orc:2    | Found a one-way gate leading to the halls of Pandemonium.
 26095 | Snake:1  | Entered Level 1 of the Snake Pit
 26095 | Snake:1  | Found a transporter.
 26476 | Snake:1  | Noticed Agnes
 26486 | Snake:1  | Killed Agnes
 26568 | Snake:1  | Found a transporter.
 26732 | Snake:1  | Noticed an Ice Fiend
 26736 | Snake:1  | Killed an Ice Fiend
 26806 | Snake:1  | Identified the +8 quarterstaff of Juinwo {vorpal, Str+3
                  | Int-4 Stlth+}
 26811 | Snake:1  | Identified the ring of the Devil's Advocate {*Slow rN+++
                  | AC+4 Str+3 Int-3}
 26818 | Snake:1  | Identified the amulet "Ewenoc" {Acrobat +Inv rC+ Str+4
                  | Dex-2}
 26822 | Snake:1  | Identified the amulet of Suspicion {*Corrode rF+ Regen+
                  | Slay+3}
 26947 | Snake:2  | Reached ****** piety under Trog
 27004 | Snake:2  | Reached XP level 16. HP: 162/162 MP: 15/15
 27211 | Snake:2  | Received a gift from Trog
 27417 | Snake:2  | HP: 8/244 [salamander/+0 trident (15)]
 27946 | Snake:2  | Found Binu's Distillery.
 27948 | Snake:2  | Found Beryxuc's Antique Weapon Emporium.
 28043 | Snake:2  | Found Xyaz Josm's Jewellery Boutique.
 28829 | Snake:3  | Found a broken altar of Ashenzari.
 29379 | Snake:3  | Found Xeina's Armour Shop.
 29432 | Snake:4  | Entered Level 4 of the Snake Pit
 29493 | Snake:4  | Noticed Kirke
 29504 | Snake:4  | Killed Kirke
 29718 | Snake:4  | Found a glowing golden altar of the Shining One.
 29749 | Snake:4  | Received a gift from Trog
 30332 | Snake:4  | HP: 7/172 [constriction (6)]
 30333 | Snake:4  | HP: 2/172 [constriction (4)]
 30334 | Snake:4  | Constricted to death by a naga warrior

Illustrated notes

Levels and vault maps discovered:
D:1:      lemuel_arrival_room, layout_loops_corners,
          minmay_misc_feat_secret_circle
D:2:      layout_basic, minmay_curled_crystal
D:3:      kennysheep_the_goblin_king, layout_basic, jmf_multi_god_temple,
          minmay_liquid_box, grunt_decor_cap, grunt_ministairs_2,
          kennysheep_generic_room_2, uniq_crazy_yiuf_cottage
D:4:      layout_cave_pools, minmay_temple_entry_sparse_star, serial_undead,
          serial_undead_c, serial_undead_e, serial_undead_e, serial_undead_f,
          serial_undead_f, serial_undead_e, serial_undead_d, serial_undead_a,
          serial_undead_c, serial_undead_b, chequers_big_river
D:5:      lemuel_ice_spiral_2, layout_basic, amcnicky_mini_rare_corridor_liquid,
          hex_intersection, minmay_joined_circles
D:6:      layout_loops_corners, uniq_maggie
D:7:      minmay_the_grid_plus_closed [minmay_the_grid_square_x,
          minmay_the_grid_armoury, minmay_the_grid_stretched_grid,
          minmay_the_grid_embedded,
          minmay_the_grid_prize_four_corners_diamond_b], layout_loops_cross,
          enter_bailey_5
D:8:      layout_loops_ring
D:9:      layout_loops_corners
D:10:     layout_loops_ring, kennysheep_generic_room_3
D:11:     layout_stronghold, lair_entry_dummy, david_orc_5
D:12:     layout_loops_ring, okawaru_metal_pillars_1_2, uniq_psyche
D:13:     layout_roguey, david_vaults_1
D:14:     layout_grid_maze, xom_redecorated, nicolae_titane
D:15:     grunt_enter_depths_magical_seal, layout_loops_ring
Lair:1:   layout_cellular_growth, basic_altar, grunt_megastairs_5,
          serial_bayou_shore_a, uniq_erica, uniq_nergalle
Lair:2:   layout_chaotic_city, swamp_mist, minmay_snake_entry_guardpost_large
Lair:3:   layout_cave_pods, gauntlet_entry_generic, lemuel_fruit_fields
Lair:4:   layout_big_grid, nicolae_slime_entry_slimehenge
Lair:5:   cheibrodos_lair_end_hotspot, layout_long_grid, st_stairs_11,
          uniq_rupert
Snake:1:  gammafunk_its_a_trap, layout_rooms, lemuel_fruit_tree, uniq_agnes
Snake:2:  layout_chambers, serial_shops, shop, grunt_megastairs_3,
          nicolae_triple_integral, minmay_shoptagon
Snake:3:  layout_basic, serial_shops, nicolae_lakefront_shop, basic_altar,
          serial_bayou_shore_b
Snake:4:  grunt_snake_rune_pools, layout_cave_town, basic_altar,
          serial_bayou_shore_b, uniq_kirke
Orc:1:    layout_caves, serial_shops, nicolae_shop_waterfront, uniq_sonja,
          uniq_harold, uniq_josephine, uniq_snorg
Orc:2:    pf_orc_diabolical, layout_caves, minmay_orc_temple_c

Skill      XL: |  1  2  3  4  5  6  7  8  9 10 11 12 13 14 15 16 |
---------------+-------------------------------------------------+-----
Axes           | 4 5 6 7 8 9 11 14 17 19 22 25 27 | 27.0
Fighting       | 6 15 19 23 | 23.5
Armour         | |  2.4
Dodging        | |  2.1

Action                   |  1- 3 |  4- 6 |  7- 9 | 10-12 | 13-15 | 16-18 || total
-------------------------+-------+-------+-------+-------+-------+-------++-------
Melee: Hand axe          |    83 |   107 |   156 |       |       |       ||   346
       Headbutt          |     6 |    19 |    57 |    62 |   142 |    57 ||   343
       Punch             |       |       |     2 |       |       |       ||     2
       War axe           |       |       |   148 |   264 |       |       ||   412
       Executioner's axe |       |       |       |   101 |   751 |   222 ||  1074
Throw: Boomerang         |       |     4 |    17 |     3 |     2 |     1 ||    27
Invok: Berserk           |       |     1 |     1 |     4 |     8 |     4 ||    18
       Trog's Hand       |       |       |     1 |     3 |    11 |     3 ||    18
       Brothers in Arms  |       |       |       |     1 |     1 |     1 ||     3
Evoke: Wand              |       |       |       |     1 |       |       ||     1
  Use: Scroll            |     3 |     7 |     5 |    12 |    12 |       ||    39
       Potion            |       |       |       |     3 |    12 |     1 ||    16
 Stab: Confused          |       |       |       |     1 |       |       ||     1
       Invisible         |       |       |       |       |     4 |       ||     4
Armor: Animal skin       |     1 |       |       |       |       |       ||     1
       Chain mail        |    38 |    44 |    73 |       |       |       ||   155
       Plate armour      |       |       |    19 |   173 |   485 |   184 ||   861
Dodge: Dodged            |    53 |    65 |   122 |   184 |   293 |   107 ||   824
Block: Buckler           |       |       |    31 |   117 |       |       ||   148
       Reflection        |       |       |       |    17 |     4 |       ||    21
       Other             |       |       |       |    16 |    71 |       ||    87
